 Dungeon Crawl Stone Soup version 0.19.0-20-gbc5f0c6 (console) character file.

758 Jesseh the Chopper (level 7, -4/66 HPs)
             Began as a Deep Dwarf Fighter on Nov 17, 2016.
             Was an Initiate of Makhleb.
             Killed from afar by Dowan (15 damage)
             ... with a shard of ice
             ... on level 4 of the Dungeon.
             The game lasted 00:25:30 (3272 turns).

Jesseh the Chopper (Deep Dwarf Fighter)             Turns: 3272, Time: 00:25:31

Health: -4/66      AC: 11    Str: 20    XL:     7   Next: 50%
Magic:  7/7        EV:  9    Int:  9    God:    Makhleb [......]
Gold:   192        SH:  0    Dex: 13    Spells: 0 memorised, 6 levels left

rFire  . . .     SeeInvis .     a - +0 war axe
rCold  . . .     Gourm    .     b - +0 scale mail
rNeg   . . .     Faith    .     (no shield)
rPois  .         Spirit   .     (no helmet)
rElec  .         Reflect  .     F - +1 cloak
rCorr  .         Harm     .     y - +0 pair of gloves
MR     +....                    (no boots)
Stlth  ..........               (no amulet)
                                (no ring)
                                j - +3 ring of slaying

@: lethally poisoned (-4 -> -6), non-regenerating
A: damage resistance, recharge devices, sense surroundings 1, slow regeneration
3
a: Device Recharging, Renounce Religion


You were on level 4 of the Dungeon.
You worshipped Makhleb.
Makhleb was noncommittal.
You were not hungry.

You visited 2 branches of the dungeon, and saw 5 of its levels.

You collected 192 gold pieces.

Inventory:

Hand Weapons
 a - a +0 war axe (weapon)
 s - a +0 hunting sling
   (You took it off a goblin on level 2 of the Dungeon)
 u - a +5 mace
   (You found it on level 4 of the Dungeon)
 E - a +2 mace of protection
   (You found it on level 4 of the Dungeon)
 H - the +7 mace of Judgement {antimagic, +Blink rPois MP+9}
   (You found it on level 4 of the Dungeon)

   It reduces the magical energy of the wielder, and disrupts the spells and
   magical abilities of those hit.
   Natural abilities and divine invocations are not affected.
   It protects you from poison.
   It affects your magic capacity (+9).
   It lets you blink.
 K - a +2 whip of electrocution
   (You took it off an orc on level 4 of the Dungeon)
Missiles
 w - 32 sling bullets
Armour
 b - a +0 scale mail (worn)
 c - a +0 shield
 y - a +0 pair of gloves (worn)
   (You found it on level 2 of the Dungeon)
 F - a +1 cloak (worn)
   (You took it off Crazy Yiuf on level 4 of the Dungeon)
Jewellery
 j - a +3 ring of slaying (left hand)
   (You found it on level 1 of the Dungeon)
Wands
 e - a wand of heal wounds (0/9)
 I - a wand of iceblast (11/15)
   (You found it on level 4 of the Dungeon)
Scrolls
 g - a scroll of enchant weapon {unknown}
 h - a scroll of fear {unknown}
 l - a scroll of identify
 o - a scroll of enchant armour {unknown}
 p - 2 scrolls of remove curse {unknown}
 q - a scroll of teleportation {unknown}
 r - a scroll of amnesia {unknown}
 v - a scroll of magic mapping {unknown}
 x - 3 scrolls of fog {unknown}
 A - 2 scrolls of blinking {unknown}
 B - a scroll of immolation {unknown}
Potions
 d - a potion of might
 k - 2 potions of curing
 m - 3 potions of brilliance
 n - a potion of degeneration
 D - a potion of haste
 J - a potion of resistance
 L - a potion of magic
Comestibles
 f - 4 bread rations
 t - a meat ration
 z - 2 beef jerkies
 C - a royal jelly


   Skills:
 + Level 4.5 Fighting
 * Level 6.9 Axes
 + Level 5.5 Armour
 - Level 3.2 Shields


You had 6 spell levels left.
You didn't know any spells.

Dungeon Overview and Level Annotations

Branches:
Dungeon (4/15)             Temple (1/1) D:4

Altars:
Ashenzari
Cheibriados
Dithmenos
Fedhas
Hepliaklqana
Kikubaaqudgha
Makhleb
Okawaru
Qazlal
Sif Muna
Xom
Zin

Annotations:
D:4 Dowan


Innate Abilities, Weirdness & Mutations

You are resistant to damage.
You can recharge devices by infusing magical energy.
You passively map a small area around you.
You do not regenerate.


Message History

The ball python constricts you.
You hit the ball python.
You kill the ball python!
Makhleb accepts your kill.
Found a stone staircase leading up.
Some of the chunks of flesh in your inventory have rotted away.
There is a stone staircase leading up here.
Some of the chunks of flesh in your inventory have rotted away.
You see here a mace.
You see here a mace.
You see here a mace.
You see here a mace.
There is an open door here.
u - a runed mace
E - a glowing mace Some of the chunks of flesh in your inventory have rotted away.
There is an open door here.
You see here a mace.
You see here a mace.
You see here a mace.
You see here a mace.
There is a stone staircase leading up here.
All of the chunks of flesh in your inventory have rotted away.
Things that are here:
a dagger; a robe; a leather armour You see here a ring mail.
m - 3 potions of brilliance (gained 2)
Found a stone staircase leading down.
You can't see that place. [Stash: a trident (...1)] [the floor.]
There is a stone staircase leading down here.
Duvessa, Sister of Dowan comes into view.
She is wielding a short sword.
Duvessa shouts!
Dowan, Brother of Duvessa comes into view.
He is wielding a dagger of venom.
Dowan shouts!
You closely miss Duvessa. Duvessa barely misses you.
You slash Duvessa! Duvessa barely misses you.
You hit Duvessa. You hit Duvessa but do no damage.
Duvessa hits you with a short sword. Dowan hits you but does no damage.
You are poisoned.
Duvessa barely misses you.
You barely miss Duvessa. You hit Dowan. Dowan hits you but does no damage.
You are more poisoned.
Duvessa hits you with a short sword.
* * * LOW HITPOINT WARNING * * *
Your scale mail prevents you from hitting Duvessa.
You slash Dowan! Dowan hits you but does no damage.
You are more poisoned.
Duvessa hits you but does no damage.
You hit Duvessa but do no damage. You hit Dowan but do no damage.
You feel sick. Dowan hits you with a dagger of venom.
* * * LOW HITPOINT WARNING * * *
Duvessa closely misses you.
You hit Duvessa. You hit Dowan. Dowan hits you but does no damage.
You are more poisoned.
Duvessa hits you but does no damage.
You closely miss Duvessa. You hit Dowan.
You feel sick. Dowan hits you with a dagger of venom.
You are lethally poisoned!
Duvessa gestures with her weapon.
Duvessa hits you but does no damage. Dowan hits you but does no damage.
You are more poisoned.
You feel much better.
This wand has 0 charges left.
You feel very sick. Duvessa hits you with a short sword.
Dowan hits you but does no damage.
You are more poisoned.
You slash Duvessa!
You kill Duvessa!
Makhleb accepts your kill.
Dowan seems overcome with grief, but rights himself reflexively soon after.
Dowan seems to find hidden reserves of power!
You hit Dowan.
You feel very sick. Dowan closely misses you.
You completely miss Dowan.
You feel very sick.
Dowan says, "Her death will not be in vain!"
Dowan casts a spell.
Dowan gestures wildly while chanting.
Dowan blinks!
You feel very sick.
You feel very sick.
Your scale mail prevents you from hitting Dowan.
You feel very sick. Dowan casts a spell at you. The shard of ice misses you.
Dowan hits you with a dagger of venom.
* * * LOW HITPOINT WARNING * * *
You closely miss Dowan.
You feel very sick. Dowan casts a spell at you. The stone arrow misses you.
Dowan closely misses you.
You closely miss Dowan.
You feel sick. Dowan hits you but does no damage.
You hit Dowan.
You feel very sick. Dowan casts a spell at you. The shard of ice misses you.
Dowan casts a spell at you. The shard of ice hits you!
You die...

▒▒▒▒▒▒▒▒)▒▒▒.▒ ░ ░
▒..▒▒.▒ ▒▒.▒▒.▒ ,
▒.▒▒.▒
▒▒▒▒▒▒▒▒▒)▒▒.▒▒▒▒▒
.........[.......▒
▒▒▒▒▒▒▒▒▒▒.▒.▒▒▒.▒ ░ ,
▒.▒.▒ ▒.▒ ░ ░ ▒.▒.▒
▒g▒ ▒.▒.▒ ▒e▒ ▒...▒
▒)..e.▒
▒▒▒▒▒▒▒▒▒▒▒..▒▒▒▒▒▒▒▒▒
.)..............▒
........▒▒▒..▒▒.▒
......[.▒ ▒..▒▒.▒
▒▒▒▒▒.▒▒▒ ▒..▒▒.▒ ▒.▒
▒▒>...▒


You could see Dowan.

Vanquished Creatures
  Grinder (D:3)
  Duvessa (D:4)
  A howler monkey (D:4)
  2 hounds (D:4)
  4 orc wizards
  Crazy Yiuf (D:4)
  An orc priest (D:4)
  2 worker ants (D:4)
  A hound skeleton (D:4)
  2 adders (D:2)
  An ooze (D:4)
  A worm (D:3)
  3 dart slugs (D:3)
  3 leopard geckos
  10 orcs
  2 ball pythons
  9 bats
  A giant cockroach (D:2)
  15 hobgoblins
  7 jackals
  A quokka (D:3)
  3 frilled lizards
  13 goblins
  A jackal skeleton (D:4)
  13 kobolds
  5 rats
104 creatures vanquished.

Notes
Turn   | Place    | Note
-------+----------+-------------------------------------------
     0 | D:1      | Jesseh the Deep Dwarf Fighter began the quest for the Orb.
     0 | D:1      | Reached XP level 1. HP: 20/20 MP: 1/1
   188 | D:1      | Reached XP level 2. HP: 20/27 MP: 2/2
   635 | D:1      | Reached skill level 3 in Axes
   911 | D:2      | Reached XP level 3. HP: 21/33 MP: 3/3
  1030 | D:2      | Reached skill level 3 in Fighting
  1254 | D:2      | Reached skill level 4 in Armour
  1254 | D:2      | Reached XP level 4. HP: 15/42 MP: 4/4
  1328 | D:2      | Reached skill level 4 in Axes
  1683 | D:3      | HP: 10/42 [orc/hand axe (5)]
  1692 | D:3      | HP: 4/42 [something/puff of flame (6)]
  1701 | D:3      | Reached XP level 5. HP: 26/49 MP: 5/5
  1843 | D:3      | Noticed Grinder
  1861 | D:3      | Paralysed by Grinder for 4 turns
  1876 | D:3      | Paralysed by Grinder for 5 turns
  1890 | D:3      | HP: 11/49 [Grinder (3)]
  1891 | D:3      | HP: 5/49 [Grinder (6)]
  1896 | D:3      | Killed Grinder
  1896 | D:3      | Reached skill level 5 in Axes
  1896 | D:3      | Reached XP level 6. HP: 31/57 MP: 6/6
  2343 | D:4      | Found a runed door.
  2343 | D:4      | Noticed Crazy Yiuf
  2346 | D:4      | HP: 14/57 [Crazy Yiuf/quarterstaff of chaos (2)]
  2348 | D:4      | Killed Crazy Yiuf
  2348 | D:4      | Reached skill level 5 in Armour
  2354 | D:4      | Got a translucent mace
  2359 | D:4      | Got an iridescent mace
  2360 | D:4      | Identified the +7 mace of Judgement {antimagic, +Blink rPois MP+9} (You found it on level 4 of the Dungeon)
  2532 | D:4      | Reached skill level 4 in Fighting
  2655 | D:4      | Reached skill level 6 in Axes
  2725 | D:4      | Found a staircase to the Ecumenical Temple.
  2729 | Temple   | Entered the Ecumenical Temple
  2809 | Temple   | Became a worshipper of Makhleb the Destroyer
  2853 | D:4      | Reached XP level 7. HP: 30/64 MP: 7/7
  3252 | D:4      | Noticed Duvessa
  3254 | D:4      | Noticed Dowan
  3261 | D:4      | HP: 15/66 [poisoned by Dowan]
  3265 | D:4      | Killed Duvessa
  3270 | D:4      | HP: 16/66 [poisoned by Dowan]
  3272 | D:4      | Killed from afar by Dowan

Skill      XL: |  1  2  3  4  5  6 |
---------------+-------------------+-----
Axes           | 3 4 5 6 |  6.9
Fighting       | 3 4 |  4.5
Armour         | 4 5 |  5.5
Shields        | |  3.2

Action                   |  1- 3 |  4- 6 |  7- 9 || total
-------------------------+-------+-------+-------++-------
Melee: War axe           |   152 |   166 |    51 ||   369
Evoke: Wand              |       |     4 |     1 ||     5
  Use: Scroll            |     1 |     9 |       ||    10
  Eat: Chunk             |     1 |     6 |     1 ||     8
Armor: Scale mail        |    64 |    60 |    23 ||   147
Dodge: Dodged            |    57 |    38 |    15 ||   110
Block: Shield            |    97 |    74 |    23 ||   194

Vault maps used:
D:1:      zelgadis_glass_arrival_large
D:2:      cheibrodos_greedy_goblins, first_bread
D:3:      uniq_grinder
D:4:      uniq_duvessa, uniq_crazy_yiuf_cottage
Temple:   roderic_octagonal_lattice_temple

Table legend:
 A = Turns spent in this place as a percentage of turns spent in the entire game.
 B = Non-inter-level travel turns spent in this place as a percentage of non-inter-level travel turns spent in the entire game.
 C = Inter-level travel turns spent in this place as a percentage of turns spent in this place.
 D = Turns resting spent in this place as a percentage of non-inter-level travel turns spent in this place.
 E = Turns spent auto-exploring this place as a percentage of non-inter-level travel turns spent in this place.
 F = Non-inter-level travel turns spent in this place divided by the number of levels of this place that you've seen.
                   A       B       C       D       E      F
               +-------+-------+-------+-------+-------+----------------------
         Total | 100.0 | 100.0 |   0.2 |   0.0 |   7.4 | 263.4
       Dungeon |  96.7 |  96.7 |   0.2 |   0.0 |   6.8 | 318.2
        Temple |   3.3 |   3.3 |   0.0 |   0.0 |  27.3 |  44.0
               +-------+-------+-------+-------+-------+----------------------

Table legend:
 A = Kills in this place as a percentage of kills in entire the game.
 B = Kills by you in this place as a percentage of kills by you in the entire game.
 C = Kills by friends in this place as a percentage of kills by friends in the entire game.
 D = Other kills in this place as a percentage of other kills in the entire game.
 E = Experience gained in this place as a percentage of experience gained in the entire game.
 F = Experience gained in this place divided by the number of levels of this place that you have seen.
                   A       B       C       D       E      F
               +-------+-------+-------+-------+-------+----------------------
         Total | 100.0 | 100.0 |  -nan |  -nan | 100.0 | 216.6
       Dungeon | 100.0 | 100.0 |  -nan |  -nan | 100.0 | 270.8
               +-------+-------+-------+-------+-------+----------------------
